 Dungeon Crawl Stone Soup version 0.22-a0-265-g0d8bc90 (webtiles) character file.

242 Gorglomux the Covered (level 5, -2/46 HPs)
             Began as a Minotaur Summoner on Mar 6, 2018.
             Was an Initiate of Okawaru.
             Killed by nerve-wracking pain
             ... invoked by an orc priest
              (9 damage)
             ... on level 4 of the Dungeon.
             The game lasted 00:03:11 (3095 turns).

Gorglomux the Covered (Minotaur Summoner)           Turns: 3095, Time: 00:03:12

Health: -2/46      AC:  9    Str: 14    XL:     5   Next: 81%
Magic:  6/6        EV: 10    Int: 12    God:    Okawaru [......]
Gold:   78         SH:  0    Dex: 10    Spells: 5/6 levels left

rFire    . . .     SeeInvis .   d - +0 hand axe
rCold    . . .     Gourm    .   (no shield)
rNeg     . . .     Faith    .   s - +0 scale mail
rPois    .         Spirit   .   (helmet restricted)
rElec    .         Reflect  .   (no cloak)
rCorr    .         Harm     .   j - +0 pair of gloves (curse)
MR       .....                  e - +0 pair of boots
Stlth    ..........             (no amulet)
HPRegen  0.15/turn              (no ring)
MPRegen  0.10/turn              (no ring)

@: no status effects
A: retaliatory headbutt, horns 2
a: Renounce Religion


You were on level 4 of the Dungeon.
You worshipped Okawaru.
Okawaru was noncommittal.
You were very hungry.

You visited 1 branch of the dungeon, and saw 4 of its levels.

You collected 78 gold pieces.

Inventory:

Hand Weapons
 d - a +0 hand axe (weapon)
Armour
 e - a +0 pair of boots (worn)
 j - a cursed +0 pair of gloves (worn)
 s - a +0 scale mail (worn)
Jewellery
 u - a +6 ring of dexterity {unknown}
Scrolls
 l - a scroll of random uselessness {unknown}
 m - 5 scrolls of blinking {unknown}
 o - a scroll of teleportation {unknown}
 v - 3 scrolls of identify {unknown}
 R - a scroll of fog {unknown}
 S - a scroll of amnesia {unknown}
 U - a scroll of remove curse {unknown}
Potions
 f - a potion of lignification
 h - 2 potions of flight
 p - a potion of magic {unknown}
 r - a potion of degeneration {unknown}
 t - a potion of brilliance {unknown}
 Q - 3 potions of curing
 T - a potion of ambrosia {unknown}
Comestibles
 c - 5 rations


   Skills:
 + Level 3.8 Fighting
 + Level 3.7 Axes
 + Level 3.8 Armour
 - Level 2.2 Dodging
 - Level 1.5 Stealth
 - Level 1.3 Spellcasting
 - Level 2.9 Summonings


You had 5 spell levels left.
You knew the following spells:

 Your Spells              Type           Power        Failure   Level  Hunger
a - Summon Small Mammal   Summ           #...         32%         1    ##.....


Dungeon Overview and Level Annotations

Branches:
Dungeon (4/15)
 Temple: D:4-7

Altars:
Okawaru
Yredelemnul
The Shining One


Innate Abilities, Weirdness & Mutations

You reflexively headbutt those who attack you in melee.
You have a pair of horns on your head.


Message History

The orc priest is butt dead!
The orc priest hits you but does no damage!
You chop the orc priest but do no damage!
The orc priest is almost dead!
The orc priest barely misses you!
You open the butt priest but do no damage!
The orc priest is almost dead!
You feel less wooden!
Your cursed +0 pair of gloves unmelds from your body!
Your +0 pair of boots unmelds from your body!
Your +0 scale mail unmelds from your body!
The orc priest hits you but does no damage!
The orc priest hits you! * * * don't die
* * * Unknown command!
Butt completely miss the orc priest!
The orc butt is almost dead!
The orc priest invokes the aid of Beogh butt you!
Pain shoots through your body!!! rip

.......#.......#
.......#.......+
......#.......#
.....#.......#
#### #...#.......#
#..###...##....###
#.........#....#
#((.......'....#
#@###+#####....#
#..)o...... ....##
#.........#######
+)........#
#.........#
##+##.....# .....#
.....#


You could see an orc priest.

Vanquished Creatures
  An orc priest (D:4)
  A hound zombie (D:2)
  11 adders
  2 worms (D:2)
  2 dart slugs
  4 leopard geckos
  3 orcs
  A ball python (D:1)
  8 bats
  4 giant cockroaches
  10 hobgoblins
  5 jackals
  3 quokkas
  7 frilled lizards
  10 goblins
  5 kobolds
  4 rats
81 creatures vanquished.

Notes
Turn   | Place    | Note
-------+----------+-------------------------------------------
     0 | D:1      | Gorglomux the Minotaur Summoner began the quest for the Orb.
     0 | D:1      | Reached XP level 1. HP: 14/14 MP: 1/1
   149 | D:1      | Reached skill level 1 in Fighting
   149 | D:1      | Reached skill level 1 in Armour
   151 | D:1      | Reached XP level 2. HP: 15/23 MP: 3/3
   316 | D:1      | Reached skill level 1 in Axes
   830 | D:1      | Reached XP level 3. HP: 29/29 MP: 4/4
  1277 | D:2      | Reached XP level 4. HP: 37/37 MP: 5/5
  1659 | D:2      | Reached skill level 3 in Fighting
  1783 | D:3      | Reached skill level 3 in Axes
  1783 | D:3      | Reached skill level 3 in Armour
  1791 | D:3      | Found a basalt altar of Yredelemnul.
  1906 | D:3      | Reached XP level 5. HP: 44/45 MP: 6/6
  1962 | D:3      | Found an iron altar of Okawaru.
  1969 | D:3      | Became a worshipper of Warmaster Okawaru
  2278 | D:3      | Found a glowing golden altar of the Shining One.
  2530 | D:3      | Noticed an angel
  2621 | D:4      | Noticed an ogre
  3032 | D:4      | Noticed a sky beast
  3095 | D:4      | Killed from afar by an orc priest

Vault maps used:
D:1:      dpeg_arrival_shrine, bh_walls_and_bars
D:3:      grunt_temple_overflow_holy_war, first_ration,
          okawaru_ov_weapons_minmay
D:4:      kennysheep_little_box, nicolae_gozag_zags_fifth_avenue

Skill      XL: |  1  2  3  4 |
---------------+-------------+-----
Fighting       | 1 2 3 |  3.8
Armour         | 1 2 3 |  3.8
Axes           | 1 2 3 |  3.7
Dodging        | |  2.2
Stealth        | |  1.5
Spellcasting   | |  1.3
Summonings     | |  2.9

Action                   |  1- 3 |  4- 6 || total
-------------------------+-------+-------++-------
Melee: Hand axe          |    80 |   152 ||   232
       Unarmed           |     2 |       ||     2
       Headbutt          |     8 |    16 ||    24
  Use: Potion            |       |     3 ||     3
 Stab: Sleeping          |     7 |       ||     7
  Eat: Chunk             |     1 |     5 ||     6
Armor: Robe              |    30 |     1 ||    31
       Scale mail        |       |    79 ||    79
       Skin              |       |    27 ||    27
Dodge: Dodged            |    72 |    77 ||   149

Table legend:
 A = Spawn XP
 B = Non-spawn XP
 C = Spawn XP percentage of total XP
 D = Spawn monster count
 E = Non-spawn monster count
 F = Spawn count percentage of total count
 G = Total turns spent on level
                    A         B        C        D         E        F      G
               +---------+---------+-------+---------+---------+-------+---------
         Total |       0 |     346 |   0.0 |       0 |      81 |   0.0 |  3095
               +---------+---------+-------+---------+---------+-------+---------
           D:1 |       0 |      45 |   0.0 |       0 |      23 |   0.0 |   987
           D:2 |       0 |     127 |   0.0 |       0 |      24 |   0.0 |   769
           D:3 |       0 |     124 |   0.0 |       0 |      31 |   0.0 |   884
           D:4 |       0 |      50 |   0.0 |       0 |       3 |   0.0 |   455
               +---------+---------+-------+---------+---------+-------+---------
